 Dungeon Crawl Stone Soup version 0.25-a0-1133-g93ebf73 (webtiles) character file.

Game seed: 504450353250419811, levelgen mode: deterministic

586836 travv0 the Slayer (level 27, -5/183 HPs)
             Began as a Gargoyle Berserker on May 18, 2020.
             Was a High Priest of Trog.
             Killed from afar by an orb of fire (10 damage)
             ... with a bolt of fire
             ... on level 5 of the Realm of Zot on May 22, 2020.
             The game lasted 07:02:12 (84530 turns).

travv0 the Slayer (Gargoyle Berserker)             Turns: 84530, Time: 07:02:13

Health: -5/183     AC: 47    Str: 35 (37) XL:     27
Magic:  27/27      EV: 11    Int:  9 (13) God:    Trog [*****.]
Gold:   5812       SH:  0    Dex:  2 (7)  Spells: 26/26 levels left

rFire    + . .     SeeInvis +   a - +5 eveningstar (vorpal)
rCold    . . .     Gourm    .   (no shield)
rNeg     + . .     Faith    .   p - +4 plate armour {rF+}
rPois    ∞         Spirit   .   (helmet restricted)
rElec    +         Reflect  .   R - +2 cloak of Huxookuucw {Str+6}
rCorr    .         Harm     .   X - +0 pair of gloves {archery}
MR       +++++                  W - +0 pair of boots
Stlth    ++........             D - amulet of regeneration {+regen, !d}
HPRegen  1.80/turn              I - ring of protection from magic {MR+, !d}
MPRegen  0.20/turn              J - ring of see invisible {sInv, !d}

@: regenerating, hasted, very quick
A: antennae 1, big wings, blurry vision 1, clever 1, clumsy 1, deformed body,
deterioration 2, low mp 1, negative energy resistance 1, electricity resistance,
unbreathing, petrification resistance, rot immunity, AC +20
}: 3/15 runes: serpentine, barnacled, silver
a: Fly, Berserk, Trog's Hand, Brothers in Arms, Renounce Religion


You were on level 5 of the Realm of Zot.
You worshipped Trog.
Trog was extremely pleased with you.
You were not hungry.

You visited 8 branches of the dungeon, and saw 46 of its levels.
You also visited: Volcano.

You collected 8633 gold pieces.
You spent 2821 gold pieces at shops.

Inventory:

Hand Weapons
 a - a +5 vorpal eveningstar (weapon)
   (Trog gifted it to you on level 1 of the Realm of Zot)
 b - a +5 longbow of flaming
   (You found it in a volcano)
Missiles
 Q - 265 arrows
Armour
 p - a +4 plate armour of fire resistance (worn)
   (You took it off an orc knight on level 4 of the Vaults)
 u - the +1 helmet "Boshroxegy" {Str+3}
   (You found it on level 4 of the Vaults)

   It affects your strength (+3).
 R - the +2 cloak of Huxookuucw (worn) {Str+6}
   (You found it on level 10 of the Dungeon)

   It affects your strength (+6).
 W - a +0 pair of boots (worn)
   (You found it on level 1 of the Shoals)
 X - a +0 pair of gloves of archery (worn)
   (You found it on level 5 of the Vaults)
Jewellery
 h - a +6 ring of strength
   (You found it on level 5 of the Vaults)
 m - an uncursed amulet of reflection
   (You found it on level 2 of the Dungeon)
 n - a +4 ring of evasion
   (You found it on level 3 of the Vaults)
 s - a +4 ring of protection
   (You found it on level 15 of the Dungeon)
 B - a +6 ring of strength
   (You found it on level 5 of the Vaults)
 D - an amulet of regeneration (around neck) {+regen, !d}
   (You found it on level 4 of the Depths)
 H - an uncursed amulet of the acrobat
   (You found it on level 4 of the Realm of Zot)
 I - a ring of protection from magic (left hand) {MR+, !d}
   (You found it on level 4 of the Depths)
 J - a ring of see invisible (right hand) {sInv, !d}
   (You found it on level 6 of the Lair of Beasts)
 K - an uncursed amulet of guardian spirit {Spirit}
   (You found it on level 2 of the Vaults)
 T - an uncursed ring of positive energy {rN+}
   (You found it on level 4 of the Vaults)
 Y - a +4 ring of slaying
   (You found it on level 13 of the Dungeon)
Wands
 r - a wand of paralysis (16)
   (You found it on level 1 of the Snake Pit)
 w - a wand of digging (4)
   (You took it off Ijyb on level 3 of the Dungeon)
 y - a wand of disintegration (34)
   (You found it on level 4 of the Dungeon)
 z - a wand of flame (117)
   (You took it off Natasha on level 2 of the Dungeon)
 A - a wand of enslavement (4)
   (You bought it in a shop on level 2 of the Orcish Mines)
 C - a wand of acid (31)
   (You found it on level 6 of the Dungeon)
 V - a wand of polymorph (25)
   (You found it on level 1 of the Lair of Beasts)
 Z - a wand of iceblast (20)
   (You found it on level 2 of the Lair of Beasts)
Scrolls
 e - 19 scrolls of identify
 j - 9 scrolls of teleportation
 l - 10 scrolls of magic mapping {!r}
 o - 12 scrolls of remove curse
 q - 3 scrolls of summoning
 t - 9 scrolls of immolation {!r}
 v - a scroll of brand weapon
 x - 5 scrolls of fog
 G - a scroll of blinking {!r}
 O - 2 scrolls of holy word {!r}
 P - 4 scrolls of silence
Potions
 d - 6 potions of might
 f - a potion of curing
 g - 2 potions of haste
 i - 5 potions of ambrosia
 k - 12 potions of stabbing
 N - 2 potions of berserk rage {!q}
 S - 4 potions of cancellation
 U - 4 potions of resistance
Miscellaneous
 L - 6 boxes of beasts
 M - a lightning rod (4/4)
   (You found it on level 5 of the Vaults)
Comestibles
 c - 23 rations


   Skills:
 + Level 21.5 Fighting
 + Level 17.0 Maces & Flails
 - Level 20.0 Bows
 + Level 21.5 Armour
 + Level 15.9 Dodging
 - Level 18.8 Stealth
   Level 11.4 Shields
 - Level 10.1 Evocations


You had 26 spell levels left.
You didn't know any spells.
Your spell library was empty.

Dungeon Overview and Level Annotations

Branches:
Dungeon (15/15)            Temple (0/1) D:7            Lair (6/6) D:8
 Shoals (4/4) Lair:3        Snake (4/4) Lair:3        Slime (0/5) Lair:6
    Orc (2/2) D:12            Elf (0/3) Orc:2        Vaults (5/5) D:14
  Crypt (0/3) Vaults:3     Depths (5/5) D:15            Zot (5/5) Depths:5
Volcano (visited)

Altars:
Ashenzari
Cheibriados
Dithmenos
Elyvilon
Fedhas
Gozag
Makhleb
Okawaru
Qazlal
Sif Muna
Trog
Wu Jian
Xom
Yredelemnul
The Shining One
Beogh
Jiyva

Shops:
D:4 *[   D:10 =   D:12 *   D:15 *   Orc:1 =   Orc:2 :}**(   Shoals:1 *
Snake:4 (   Vaults:5 =

Portals:
Hell: Depths:1 Depths:2 Depths:3 Depths:4 Depths:5
Abyss: Depths:1 Depths:2 Depths:3 Depths:4
Pandemonium: Depths:3 Depths:4
Ziggurat: Depths:1
Trove: Depths:3 (give +4 demon blade)

Annotations:
D:11 1 runed translucent door
Lair:3 2 transporters, Kodotum's ghost, journeyman DrCj
Snake:3 2 transporters, Imafuwku's ghost, adept HuSk
Snake:4 1 runed translucent door, krigyl's ghost, adept MiBe
Depths:1 2 transporters, exclusion: 2 ice statues, Tebeib's ghost, veteran GrFi
Depths:2 6 runed translucent doors
Depths:4 4 runed translucent doors, AtlasWard's ghost, veteran HaHu
Zot:3 2 transporters, Umuo's ghost, legendary FoFi


Innate Abilities, Weirdness & Mutations

You are resistant to torment.
Your stone body is resilient. (AC +20)
You are immune to poison.
Your large and strong wings let you fly indefinitely.
You resist negative energy. (rN+)
You are resistant to electric shocks. (rElec)
You can survive without breathing.
You are immune to petrification.
You are immune to rotting.
You have a pair of small antennae on your head.
Scrolls take you a little longer to read.
Your mind is acute. (Int +2)
You are clumsy. (Dex -2)
Armour fits poorly on your strangely shaped body.
Your body often deteriorates upon taking damage.
Your magical capacity is low. (-10% MP)


Message History

The arrow hits the orb of fire but does no damage.
You are no longer corroded.
The orb of fire emits a lurid red light.
The bolt of fire hits you!!! You resist.
Your body deteriorates!
You feel dopey. The Killer Klown smiles at you.
You take 38 damage, and have 138/183 hp.
MASSIVE DAMAGE!!
The Killer Klown eye-gouges you with a +12 club of electrocution.
Things that are here:
a +0 battleaxe; a potion of degeneration {!q}; a yellow draconian corpse You regained 2 hp, and now have 141/183 hp.
Your +5 longbow of flaming stops flaming.
a - a +5 vorpal eveningstar (weapon)
The orb of fire emits a lurid red light.
The bolt of fire hits you!! You resist.
You take 19 damage, and have 123/183 hp.
The orb of fire glows red.
The bolt of fire hits you! You resist.
You take 12 damage, and have 111/183 hp.
The orb of fire glows red.
Strange energies course through your body.
You feel clumsy.
The orb of fire glows red.
Strange energies course through your body.
A pair of antennae grows on your head!
The +1 helmet "Boshroxegy" {Str+3} falls away!
The Killer Klown blinks!
You regained 2 hp, and now have 114/183 hp.
The orb of fire glows yellow.
The bolt of fire misses you.
The orb of fire glows deep purple.
Strange energies course through your body.
You feel less energetic.
The orb of fire glows red.
The bolt of fire hits you! You resist.
You take 14 damage, and have 100/183 hp.
You now have 27/27 mp.
The orb of fire glows yellow.
The bolt of fire hits the orb of fire.
The orb of fire completely resists.
The bolt of fire hits you! You resist.
You take 10 damage, and have 90/183 hp.
The orb of fire glows yellow.
The fireball explodes!
The fireball engulfs you!! You resist.
Your body deteriorates!
You feel clumsy.
The orb of fire glows red.
The bolt of fire hits you! You resist.
You take 32 damage, and have 58/183 hp.
The orb of fire emits a lurid red light.
The bolt of fire hits you. You resist.
You take 1 damage, and have 57/183 hp.
You regained 2 hp, and now have 59/183 hp.
You regained 2 hp, and now have 61/183 hp.
You regained 2 hp, and now have 63/183 hp.
The orb of fire glows bright magenta.
The fireball explodes!
The fireball engulfs you!!! You resist.
* * * LOW HITPOINT WARNING * * *
Your body deteriorates!
You feel clumsy.
You take 41 damage, and have 22/183 hp.
MASSIVE DAMAGE!!
Okay, then.
Here: an orb of fire (severely damaged)
The floor.
Okay, then.
Here: an orb of fire (severely damaged)
The floor.
Okay, then.
Here: an orb of fire (severely damaged)
The floor.
You feel better.
The orb of fire glows bright magenta.
The bolt of fire misses you.
The orb of fire glows bright magenta.
The fireball explodes!
The fireball engulfs you! You resist.
* * * LOW HITPOINT WARNING * * *
You take 2 damage, and have 20/183 hp.
The orb of fire glows red.
The fireball explodes!
The fireball engulfs you!! You resist.
* * * LOW HITPOINT WARNING * * *
You take 17 damage, and have 3/183 hp.
Okay, then.
There are monsters nearby!
Aim: an orb of fire (severely damaged, magic immune)
Okay, then.
Aim: an orb of fire (severely damaged, magic immune)
Okay, then.
Char dumped successfully.
Unknown command.
Unknown command.
Really read
G - a scroll of blinking {!r}?
Your blink will be uncontrolled - continue anyway?
Really read with blurry vision while enemies are nearby?
Okay, then.
You feel yourself speed up.
The orb of fire glows yellow.
The bolt of fire hits you! You resist.
You die...

................^(..⌠#
.....................#
.....L...............#
........)p..##########
.)..X.p..*..#.......#
..########..#.⌠)⌠.⌠.#
..# #..#..(....# ..#
#...p.[^..<# ..#
#..#.*§@...# ..#
#..#.*§§.⌠.# ..#
#..#..§....# ###
############


You could see 2 orbs of fire and a Killer Klown.

Vanquished Creatures
  An orb of fire (Zot:5)
  3 ancient liches
  Bai Suzhen (Snake:3)
  Xtahua (Vaults:4)
  A curse toe (Zot:4)
  Saint Roka (Snake:1)
  2 Killer Klowns
  9 golden dragons
  A bone dragon (Depths:5)
  6 liches
  17 tentacled monstrosities
  Rupert (Lair:4)
  3 titans
  10 Orb Guardians
  10 quicksilver dragons
  6 death cobs
  9 sphinxes
  Kirke (D:14)
  11 shadow dragons
  7 tengu reavers
  11 storm dragons
  Agnes (D:14)
  Ilsuiw (Shoals:2)
  A draconian monk (Depths:5)
  10 fire giants
  4 iron dragons
  7 nagarajas
  13 frost giants
  15 vault wardens
  3 draconian knights
  A deep elf sorcerer (Vaults:5)
  3 draconian shifters
  4 ghost moths
  A deep elf elementalist (Vaults:5)
  3 draconian stormcallers
  Aizul (Snake:4)
  32 very ugly things
  6 draconian annihilators
  5 war gargoyles
  14 ironheart preservers
  4 spriggan defenders
  8 green draconians
  An entropy weaver (D:14)
  26 stone giants
  Nessos (Lair:5)
  8 black draconians
  Azrael (Snake:3)
  2 deep elf annihilators
  4 vampire knights
  4 white draconians
  9 red draconians
  8 purple draconians
  4 dire elephants (Lair:6)
  5 yellow draconians
  A spark wasp (shapeshifter) (Vaults:5)
  13 ettins
  8 merfolk impalers
  A blizzard demon (Depths:1)
  A spark wasp (Depths:2)
  11 fire dragons
  The ghost of Ymomyh the Basher, a journeyman GrFi of Qazlal (D:14)
  Josephine (Orc:1)
  A merfolk javelineer (Shoals:3)
  15 yaktaur captains
  A great orb of eyes (shapeshifter) (Vaults:5)
  33 vault guards
  10 hydras
  Harold (D:10)
  3 great orbs of eyes
  6 rakshasas
  9 anacondas
  A hell beast (Depths:2)
  13 naga warriors
  2 spriggan air magi (Depths:3)
  3 merfolk avatars
  A catoblepas (shapeshifter) (Vaults:5)
  19 ice dragons
  8 centaur warriors
  55 two-headed ogres
  3 death knights
  A satyr (Shoals:3)
  8 tengu warriors
  8 deep troll shamans
  A merfolk aquamancer (Shoals:4)
  13 deep troll earth magi
  5 orc high priests (Orc:2)
  8 shock serpents
  2 spriggan berserkers
  A deep elf knight (Vaults:3)
  19 ogre magi
  4 hell knights (Depths:1)
  4 vampire magi
  9 naga sharpshooters
  5 salamander mystics (Snake:4)
  5 iron trolls
  2 fire crabs (shapeshifter)
  A shadow wraith (Vaults:3)
  9 sea snakes
  A skeletal warrior (Vaults:3)
  An unseen horror (D:14)
  4 glowing orange brains
  A deep elf archer (Vaults:5)
  An unseen horror (shapeshifter) (Vaults:4)
  35 deep trolls
  8 wizards
  5 naga ritualists (Snake:4)
  A spriggan druid (Depths:5)
  2 flayed ghosts
  8 phantasmal warriors
  16 ironbrand convokers
  9 mana vipers
  Pikel (D:4)
  18 harpies
  5 lindwurms
  A mana viper (shapeshifter) (Depths:1)
  6 deep elf magi
  3 wolf spiders (Vaults:1)
  26 orc knights
  3 necromancers
  4 orc sorcerers
  15 cyclopes
  3 fauns
  12 manticores
  11 salamanders
  A frost giant zombie (Vaults:4)
  11 guardian serpents
  17 elephants
  32 moths of wrath
  51 ugly things
  A salamander (shapeshifter) (Vaults:2)
  A faun (shapeshifter) (Vaults:1)
  23 vault sentinels
  2 rust devils
  2 eyes of devastation (shapeshifter)
  8 merfolk sirens
  24 naga magi
  5 water nymphs
  10 spiny frogs
  35 black mambas
  A storm dragon simulacrum (Depths:2)
  A smoke demon (Depths:4)
  10 gargoyles
  A guardian serpent (shapeshifter) (Vaults:1)
  An orange demon (Depths:4)
  A yaktaur zombie (Vaults:4)
  72 yaktaurs
  A hellion (Depths:4)
  2 rime drakes
  A hellwing (Depths:4)
  A yaktaur (shapeshifter) (Vaults:1)
  4 ice devils (Depths:1)
  6 freezing wraiths
  A tengu conjurer (Depths:2)
  2 red devils
  A spriggan skeleton (Depths:2)
  A polar bear (shapeshifter) (Vaults:5)
  A queen bee (Lair:2)
  2 hornets (shapeshifter)
  11 merfolk
  A meliai (shapeshifter) (Vaults:3)
  3 wind drakes
  4 trolls
  4 hornets
  A queen bee (shapeshifter) (Vaults:5)
  A snapping turtle (shapeshifter) (Vaults:4)
  4 polar bears
  Grinder (D:3)
  A blink frog (shapeshifter) (Vaults:3)
  16 hippogriffs
  23 blink frogs
  23 slime creatures
  13 snapping turtles
  7 dream sheep
  A spriggan (shapeshifter) (Vaults:3)
  2 shadows
  7 redbacks
  Sigmund (D:4)
  A wyvern (shapeshifter) (Depths:1)
  5 basilisks
  2 fire bats (Volcano)
  A vampire (D:14)
  8 water elementals
  5 wraiths
  5 wyverns
  An ettin skeleton (Vaults:4)
  41 yaks
  4 hogs (D:14)
  A human (D:14)
  A golden eye (shapeshifter) (Depths:1)
  A fire elemental (Snake:3)
  Grum (D:11)
  5 vampire mosquitoes
  A yaktaur simulacrum (Vaults:1)
  3 hungry ghosts
  40 nagas
  5 wargs
  A swamp worm (shapeshifter) (Depths:3)
  10 porcupines
  A soldier ant (D:12)
  5 acid dragons
  5 hell hounds
  17 water moccasins
  A porcupine (shapeshifter) (Vaults:5)
  2 hornet zombies
  54 orc warriors
  An eye of draining (shapeshifter) (D:14)
  A slave (D:4)
  3 black bears
  5 ice beasts
  4 sky beasts
  An eye of draining (D:10)
  4 phantoms
  3 necrophages
  4 boggarts
  7 wolves
  37 ogres
  17 centaurs
  A centaur (shapeshifter) (Vaults:4)
  14 crocodiles
  7 big kobolds
  16 bullfrogs
  A gnoll sergeant (D:9)
  A water moccasin zombie (D:11)
  A wyvern zombie (D:13)
  A wyvern skeleton (D:11)
  4 scorpions
  32 killer bees
  4 wights (D:10)
  8 howler monkeys
  13 electric eels
  3 crimson imps
  4 centaur zombies
  11 hounds
  4 jellies
  35 orc wizards
  41 orc priests
  6 centaur skeletons
  A bullfrog skeleton (D:6)
  2 iguanas
  Jessica (D:3)
  Natasha (thrice) (D:2)
  Ijyb (D:3)
  11 worker ants
  Terence (D:2)
  2 hound zombies
  A worker ant zombie (D:7)
  3 gnolls (D:9)
  A river rat (shapeshifter) (Vaults:5)
  20 adders
  3 shadow imps
  A white imp (Vaults:4)
  An ufetubus (Vaults:4)
  An ooze (D:2)
  3 adder zombies
  2 adder skeletons
  3 worms
  2 dart slugs
  2 leopard geckos
  122 orcs
  7 bats
  9 giant cockroaches
  2 gnoll zombies (D:3)
  9 goblins
  9 hobgoblins
  15 jackals
  5 quokkas
  2 ball pythons
  8 frilled lizards
  20 kobolds
  A quokka skeleton (D:6)
  10 rats
  2 plants (Lair:6)
2112 creatures vanquished.

Vanquished Creatures (collateral kills)
  Frederick (Depths:5)
  The ghost of Diuherod the Slayer, a veteran DsMo of Hepliaklqana (D:15)
  An ettin (Vaults:1)
  A merfolk impaler (Shoals:4)
  A merfolk javelineer (Shoals:4)
  The ghost of MinDuChiJD the Grappler, a journeyman TrMo of Cheibriados (Lair:1)
  3 two-headed ogres
  A merfolk aquamancer (Shoals:4)
  A sea snake (Shoals:3)
  A deep troll (D:15)
  A phantasmal warrior (Vaults:5)
  A cyclops (Shoals:4)
  A manticore (Shoals:3)
  An ugly thing (Vaults:1)
  A moth of wrath (D:15)
  2 merfolk sirens
  A yaktaur (Vaults:1)
  A merfolk (Shoals:3)
  3 blink frogs (Lair:6)
  A snapping turtle (Shoals:3)
  A wolf (Depths:5)
  A crocodile (Lair:6)
  An orc (Vaults:5)
28 creatures vanquished.

Vanquished Creatures (others)
  Nikola (Shoals:1)
  A draconian monk (Zot:5)
  An entropy weaver (Vaults:5)
  An ogre mage (Depths:2)
  A necromancer (Vaults:4)
  A manticore (Shoals:1)
  A vault sentinel (Vaults:5)
  An orc (Vaults:5)
  3 fungi
  19 plants
  2 withered plants (Snake:4)
32 creatures vanquished.

Grand Total: 2172 creatures vanquished

Notes
Turn   | Place    | Note
-------+----------+-------------------------------------------
     0 | D:1      | travv0 the Gargoyle Berserker began the quest for the Orb.
     0 | D:1      | Reached XP level 1. HP: 14/14 MP: 1/1
   174 | D:1      | Reached XP level 2. HP: 14/19 MP: 2/2
   790 | D:1      | Reached XP level 3. HP: 23/23 MP: 3/3
   893 | D:1      | Reached skill level 2 in Dodging
  1465 | D:2      | Reached skill level 3 in Armour
  1465 | D:2      | Reached XP level 4. HP: 21/29 MP: 4/4
  1466 | D:2      | Reached ** piety under Trog
  1739 | D:2      | Reached skill level 4 in Fighting
  2158 | D:2      | Reached XP level 5. HP: 33/33 MP: 5/5
  2178 | D:2      | Found a shimmering altar of Xom.
  2338 | D:2      | Noticed Terence
  2346 | D:2      | Killed Terence
  2485 | D:2      | Noticed Natasha
  2503 | D:2      | Killed Natasha
  2503 | D:2      | Reached skill level 4 in Maces & Flails
  3032 | D:2      | Noticed Natasha
  3041 | D:2      | Killed Natasha
  3185 | D:2      | Found a burning altar of Makhleb.
  3214 | D:2      | Noticed Natasha
  3224 | D:2      | Killed Natasha
  3224 | D:2      | Reached XP level 6. HP: 30/39 MP: 6/6
  3621 | D:3      | Noticed Grinder
  3630 | D:3      | Killed Grinder
  3630 | D:3      | Reached skill level 5 in Fighting
  3630 | D:3      | Reached skill level 4 in Armour
  3630 | D:3      | Reached skill level 3 in Dodging
  3630 | D:3      | Reached XP level 7. HP: 44/44 MP: 7/7
  3634 | D:3      | Noticed Jessica
  3650 | D:3      | Reached *** piety under Trog
  3669 | D:3      | Killed Jessica
  3783 | D:3      | Noticed Ijyb
  3792 | D:3      | Reached skill level 5 in Maces & Flails
  3795 | D:3      | Killed Ijyb
  3905 | D:3      | Found an ornate altar of the Wu Jian Council.
  4030 | D:3      | Found a white marble altar of Elyvilon.
  4076 | D:3      | Found a shadowy altar of Dithmenos.
  4351 | D:3      | Found a basalt altar of Yredelemnul.
  4476 | D:3      | Found a glowing golden altar of the Shining One.
  4559 | D:3      | Found a snail-covered altar of Cheibriados.
  4891 | D:4      | Noticed Sigmund
  4914 | D:4      | Killed Sigmund
  4914 | D:4      | Reached skill level 6 in Maces & Flails
  5113 | D:4      | Noticed Pikel
  5124 | D:4      | Killed Pikel
  5124 | D:4      | Reached skill level 8 in Maces & Flails
  5124 | D:4      | Reached XP level 8. HP: 49/49 MP: 8/8
  5214 | D:4      | Found Loquc's General Store.
  5219 | D:4      | Bought a scroll of fog for 28 gold pieces
  5343 | D:4      | Found Neuqawka's Antique Armour Shop.
  5799 | D:5      | Entered Level 5 of the Dungeon
  5877 | D:5      | Reached skill level 9 in Maces & Flails
  6057 | D:5      | Found a stormy altar of Qazlal.
  6194 | D:5      | Found a shimmering blue altar of Sif Muna.
  6198 | D:5      | Found a shattered altar of Ashenzari.
  6308 | D:5      | Reached **** piety under Trog
  6689 | D:6      | Reached XP level 9. HP: 54/54 MP: 9/9
  6776 | D:6      | Reached skill level 10 in Maces & Flails
  7504 | D:7      | Reached skill level 11 in Maces & Flails
  7529 | D:7      | Found a staircase to the Ecumenical Temple.
  7938 | D:7      | Noticed a cyclops
  7961 | D:7      | Killed a cyclops
  7961 | D:7      | Reached skill level 12 in Maces & Flails
  7988 | D:7      | Identified the ring "Yroangu" {*Tele +Inv rF+ MP+9}
  8243 | D:7      | Reached XP level 10. HP: 51/59 MP: 10/10
  8505 | D:8      | Found a staircase to the Lair.
  8628 | D:8      | Reached skill level 13 in Maces & Flails
  9065 | D:8      | Found an opulent altar of Gozag.
  9124 | D:8      | Found an iron altar of Okawaru.
  9125 | D:8      | Found a blossoming altar of Fedhas.
  9654 | D:9      | Reached ***** piety under Trog
  9703 | D:9      | Reached skill level 14 in Maces & Flails
  9703 | D:9      | Reached skill level 1 in Shields
  9719 | D:9      | Reached skill level 2 in Shields
  9963 | D:9      | Reached skill level 4 in Shields
 10151 | D:9      | Reached skill level 5 in Shields
 10476 | D:9      | Reached skill level 6 in Shields
 10772 | D:10     | Entered Level 10 of the Dungeon
 10827 | D:10     | Reached skill level 5 in Armour
 10827 | D:10     | Reached XP level 11. HP: 49/64 MP: 11/11
 10911 | D:10     | Noticed a red ugly thing
 10933 | D:10     | Killed a red ugly thing
 10933 | D:10     | Reached skill level 6 in Fighting
 11331 | D:10     | Reached skill level 6 in Armour
 11843 | D:10     | Got a fine cloak
 11936 | D:10     | HP: 11/66 [orc warrior/+0 war axe (9)]
 11941 | D:10     | HP: 6/99 [orc priest/divine providence (14)]
 11952 | D:10     | HP: 8/66 [orc priest/divine providence (10)]
 12160 | D:10     | Found Atu Zeug's Jewellery Boutique.
 12331 | D:10     | Reached skill level 7 in Fighting
 12623 | D:10     | Noticed Harold
 12661 | D:10     | HP: 16/67 [bullfrog (2)]
 12686 | D:10     | HP: 15/67 [Harold/bolt of acid (7)]
 12686 | D:10     | HP: 2/67 [acid (13)]
 13018 | D:10     | Killed Harold
 13018 | D:10     | Reached skill level 7 in Armour
 13217 | D:10     | Upgraded the game from 0.25-a0-1119-g28b6fd0 to
                  | 0.25-a0-1130-g3926558
 13297 | Lair:1   | Entered Level 1 of the Lair of Beasts
 13324 | Lair:1   | Reached skill level 8 in Fighting
 13894 | Lair:1   | Reached skill level 1 in Stealth
 14067 | Lair:1   | Reached skill level 2 in Stealth
 14303 | Lair:1   | Reached skill level 3 in Stealth
 14515 | Lair:1   | Reached skill level 8 in Armour
 14708 | Lair:1   | Found a runed translucent door.
 14709 | Lair:1   | Noticed MinDuChiJD's ghost (journeyman TrMo)
 14931 | Lair:1   | Reached skill level 4 in Stealth
 14960 | Lair:1   | Noticed a four-headed hydra
 14983 | Lair:1   | Killed a four-headed hydra
 15111 | Lair:1   | Reached skill level 5 in Stealth
 15111 | Lair:1   | Reached XP level 12. HP: 47/75 MP: 12/12
 15503 | Lair:1   | Killed MinDuChiJD's ghost
 15503 | Lair:1   | Reached skill level 9 in Fighting
 15503 | Lair:1   | Reached skill level 6 in Stealth
 15791 | Lair:2   | You fall into a shaft and drop 2 floors!
 15999 | Lair:3   | Got a distressingly furry leather armour
 16002 | Lair:3   | Found a staircase to the Snake Pit.
 16022 | Lair:2   | Noticed an eight-headed hydra
 16039 | Lair:2   | HP: 27/114 [eight-headed hydra (6)]
 16041 | Lair:2   | HP: 6/114 [eight-headed hydra (8)]
 16044 | Lair:2   | Killed an eight-headed hydra
 16044 | Lair:2   | Reached skill level 9 in Armour
 16044 | Lair:2   | Reached skill level 7 in Stealth
 16365 | Lair:2   | Got a faintly glowing lapis lazuli ring
 16495 | Lair:2   | Reached skill level 1 in Bows
 16832 | Lair:2   | Reached skill level 2 in Bows
 17151 | Lair:2   | Identified the +2 cloak of Huxookuucw {Str+6} (You found it
                  | on level 10 of the Dungeon)
 17700 | Lair:3   | Reached skill level 3 in Bows
 18038 | Lair:3   | Noticed a seven-headed hydra
 18046 | Lair:3   | Killed a seven-headed hydra
 18061 | Lair:3   | Noticed Kodotum's ghost (journeyman DrCj)
 18110 | Lair:3   | Reached skill level 8 in Stealth
 18136 | Lair:3   | Found a transporter.
 18152 | Lair:3   | Found a transporter.
 18435 | Lair:3   | Reached skill level 4 in Bows
 18441 | Lair:3   | Found a staircase to the Shoals.
 18629 | Lair:4   | Noticed a five-headed hydra
 18636 | Lair:4   | Killed a five-headed hydra
 18653 | Lair:4   | Received a gift from Trog
 18747 | Lair:4   | Noticed a four-headed hydra
 18759 | Lair:4   | Killed a four-headed hydra
 18759 | Lair:4   | Reached skill level 10 in Fighting
 18818 | Lair:4   | Reached skill level 5 in Bows
 18860 | Lair:4   | Reached XP level 13. HP: 50/82 MP: 13/13
 18881 | Lair:4   | Reached skill level 10 in Armour
 19179 | Lair:4   | Reached skill level 6 in Bows
 19265 | Lair:4   | Reached skill level 9 in Stealth
 19315 | Lair:4   | Noticed Rupert
 19324 | Lair:4   | Killed Rupert
 19324 | Lair:4   | Reached skill level 7 in Bows
 20084 | Lair:5   | Reached skill level 8 in Bows
 20184 | Lair:5   | Reached skill level 10 in Stealth
 20466 | Lair:5   | Reached skill level 9 in Bows
 20698 | Lair:5   | Found a dark tunnel.
 20707 | Volcano  | Entered a volcano
 21154 | Volcano  | Reached skill level 10 in Bows
 21734 | Lair:5   | Noticed Nessos
 21750 | Lair:5   | Killed Nessos
 21899 | Lair:6   | Entered Level 6 of the Lair of Beasts
 21935 | Lair:6   | Reached skill level 11 in Bows
 21943 | Lair:5   | Gained mutation: Your large and strong wings let you fly
                  | indefinitely. [Gargoyle growth]
 21943 | Lair:5   | Reached XP level 14. HP: 75/88 MP: 14/14
 22587 | Lair:6   | Found a staircase to the Slime Pits.
 22587 | Lair:6   | Found a viscous altar of Jiyva.
 22606 | Lair:6   | Reached skill level 12 in Bows
 22823 | Lair:6   | Identified the ring "Rijag" {*Slow rF+ Int+5 Dex+6} (You
                  | found it on level 2 of the Lair of Beasts)
 23099 | Lair:6   | Noticed a dire elephant
 23119 | Lair:6   | Killed a dire elephant
 23200 | Lair:6   | Noticed a dire elephant
 23200 | Lair:6   | Noticed a dire elephant
 23236 | Lair:6   | Killed a dire elephant
 23239 | Lair:6   | Killed a dire elephant
 23239 | Lair:6   | Reached skill level 13 in Bows
 24064 | Lair:6   | Noticed a dire elephant
 24075 | Lair:6   | Killed a dire elephant
 24516 | D:11     | Found a runed translucent door.
 24524 | D:11     | Noticed Grum
 24556 | D:11     | Killed Grum
 24793 | D:11     | Found a runed translucent door.
 25249 | D:11     | Reached skill level 14 in Bows
 25594 | D:12     | Found an ornate altar of the Wu Jian Council.
 25604 | D:12     | Found a staircase to the Orcish Mines.
 25866 | D:12     | Found Doeqomp's General Store.
 25871 | D:12     | Bought a potion of heal wounds for 80 gold pieces
 25871 | D:12     | Bought a scroll of magic mapping for 56 gold pieces
 25871 | D:12     | Bought a scroll of identify for 32 gold pieces
 25871 | D:12     | Bought a scroll of identify for 32 gold pieces
 25945 | D:12     | Reached ****** piety under Trog
 26418 | D:12     | Received a gift from Trog
 26705 | D:13     | Reached XP level 15. HP: 81/92 MP: 15/15
 27054 | D:13     | Reached skill level 15 in Bows
 28140 | D:14     | Noticed Agnes
 28156 | D:14     | Killed Agnes
 28272 | D:14     | Received a gift from Trog
 28868 | D:14     | Reached skill level 16 in Bows
 28889 | D:14     | Noticed Kirke
 28908 | D:14     | Killed Kirke
 29105 | D:14     | HP: 22/92 [sun demon[an orc sorcerer] (14)]
 29105 | D:14     | HP: 8/92 [sun demon[an orc sorcerer] (14)]
 29522 | D:14     | Paralysed by an orc sorcerer for 2 turns
 29574 | D:14     | Paralysed by an orc sorcerer for 4 turns
 29708 | D:14     | Found a gate to the Vaults.
 29795 | D:14     | Found a runed translucent door.
 29798 | D:14     | Noticed Ymomyh's ghost (journeyman GrFi)
 30052 | D:14     | Reached skill level 17 in Bows
 30177 | D:14     | Killed Ymomyh's ghost
 30282 | D:15     | Entered Level 15 of the Dungeon
 30340 | D:15     | Found a transporter.
 30343 | D:15     | Identified the +8 executioner's axe of the Mouth {drain,
                  | +Blink Stlth+}
 30410 | D:15     | Noticed Diuherod's ghost (veteran DsMo)
 30683 | D:15     | Identified the cursed +1 great sword of the Madman {flame,
                  | +Rage rElec}
 30691 | D:15     | Found a bloodstained altar of Trog.
 30697 | D:15     | Found a transporter.
 30837 | D:15     | Got a polished scale mail
 30900 | D:15     | Found Lifefufi's Elemental Accessories.
 31065 | D:15     | Reached XP level 16. HP: 93/97 MP: 16/16
 31099 | D:15     | Received a gift from Trog
 31123 | D:15     | Reached skill level 18 in Bows
 31128 | D:15     | Got a dazzling flail {god gift}
 31128 | D:15     | Identified the +9 flail "Tadwy" {flame, Str+4 Int-3 SInv}
                  | (Trog gifted it to you on level 15 of the Dungeon)
 31373 | D:15     | Found a staircase to the Depths.
 31755 | D:15     | Killed Diuherod's ghost
 32331 | Shoals:1 | Entered Level 1 of the Shoals
 32331 | Shoals:1 | Found Pyizuorgh's Mayhem Merchandise.
 32810 | Shoals:1 | Reached skill level 7 in Shields
 33009 | Shoals:1 | Reached skill level 8 in Shields
 33100 | Shoals:1 | Noticed Nikola
 33140 | Shoals:1 | HP: 20/97 [water nymph/the raging water (21)]
 33411 | Shoals:1 | Killed Nikola
 33830 | Shoals:2 | Reached skill level 9 in Shields
 33874 | Shoals:2 | Noticed Ilsuiw
 34167 | Shoals:2 | Killed Ilsuiw
 34512 | Shoals:2 | Reached skill level 19 in Bows
 34520 | Shoals:2 | Reached skill level 10 in Shields
 35098 | Shoals:3 | Received a gift from Trog
 35562 | Shoals:3 | Reached skill level 11 in Shields
 35609 | Shoals:3 | Found a runed translucent door.
 35832 | Shoals:3 | Reached XP level 17. HP: 102/102 MP: 17/17
 35926 | Shoals:4 | Entered Level 4 of the Shoals
 35926 | Shoals:4 | Found the +6 arbalest "Damnation" {damnation}
 36371 | Shoals:4 | Reached skill level 20 in Bows
 36835 | Shoals:4 | Got a barnacled rune of Zot
 37150 | Snake:1  | Entered Level 1 of the Snake Pit
 37509 | Snake:1  | Found the +12 glaive of Prune {vorpal}
 37668 | Snake:1  | Received a gift from Trog
 37941 | Snake:2  | Reached skill level 11 in Armour
 38061 | Snake:2  | Reached skill level 11 in Fighting
 38497 | Snake:2  | Noticed Saint Roka
 38788 | Snake:1  | HP: 35/156 [Saint Roka/divine providence (11)]
 38793 | Snake:1  | Killed Saint Roka
 39631 | Snake:2  | Reached skill level 11 in Stealth
 39890 | Snake:3  | Noticed Bai Suzhen
 39902 | Snake:3  | Killed Bai Suzhen
 40071 | Snake:3  | Reached skill level 12 in Armour
 40075 | Snake:3  | Reached skill level 12 in Fighting
 40093 | Snake:3  | Reached XP level 18. HP: 112/112 MP: 18/18
 40198 | Snake:3  | Found a transporter.
 40201 | Snake:3  | Noticed Imafuwku's ghost (adept HuSk)
 40205 | Snake:3  | Got a jewelled leather armour
 40289 | Snake:3  | Found a transporter.
 40324 | Snake:3  | Received a gift from Trog
 40929 | Snake:3  | Noticed Azrael
 40941 | Snake:3  | Killed Azrael
 41102 | Snake:4  | Entered Level 4 of the Snake Pit
 41133 | Snake:4  | Found Gaaxira's Weapon Shop.
 41438 | Snake:4  | Found a runed translucent door.
 41440 | Snake:4  | Noticed krigyl's ghost (adept MiBe)
 41556 | Snake:4  | Noticed Aizul
 41562 | Snake:4  | Killed Aizul
 41838 | Snake:4  | Reached skill level 13 in Fighting
 41838 | Snake:4  | Reached skill level 13 in Armour
 42081 | Snake:4  | Reached skill level 12 in Stealth
 42260 | Snake:4  | Received a gift from Trog
 42960 | Snake:4  | Reached skill level 14 in Armour
 43014 | Snake:4  | Reached skill level 14 in Fighting
 43499 | Snake:4  | Reached XP level 19. HP: 90/121 MP: 19/19
 43643 | Snake:4  | Received a gift from Trog
 43676 | Snake:4  | Got a serpentine rune of Zot
 44151 | Vaults:1 | Entered Level 1 of the Vaults
 44612 | Vaults:1 | Reached skill level 13 in Stealth
 44997 | Vaults:1 | Paralysed by a sphinx for 6 turns
 46198 | Vaults:1 | Reached skill level 15 in Armour
 46201 | Vaults:1 | Reached skill level 15 in Fighting
 46544 | Vaults:1 | Received a gift from Trog
 48314 | Vaults:2 | Reached XP level 20. HP: 131/131 MP: 20/20
 48473 | Vaults:2 | Reached skill level 16 in Armour
 48477 | Vaults:2 | Reached skill level 16 in Fighting
 48532 | Vaults:2 | Received a gift from Trog
 48564 | Vaults:2 | Reached skill level 14 in Stealth
 50132 | Vaults:3 | Got a faintly glowing chain mail
 51428 | Vaults:3 | Found a staircase to the Crypt.
 52201 | Vaults:3 | Received a gift from Trog
 52206 | Vaults:3 | Reached skill level 17 in Armour
 52214 | Vaults:3 | Reached skill level 17 in Fighting
 53252 | Vaults:4 | Noticed Xtahua
 53304 | Vaults:4 | Reached skill level 15 in Stealth
 53328 | Vaults:4 | Reached XP level 21. HP: 125/140 MP: 21/21
 53566 | Vaults:4 | Received a gift from Trog
 53770 | Vaults:4 | Got a translucent helmet
 53781 | Vaults:4 | Identified the +1 helmet "Boshroxegy" {Str+3} (You found it
                  | on level 4 of the Vaults)
 53788 | Vaults:4 | Paralysed by Xtahua for 2 turns
 54305 | Vaults:4 | HP: 49/210 [Xtahua] (8)]
 54307 | Vaults:4 | Killed Xtahua
 54688 | Vaults:4 | Reached skill level 18 in Armour
 54985 | Vaults:4 | Reached skill level 18 in Fighting
 56280 | D:14     | Upgraded the game from 0.25-a0-1130-g3926558 to
                  | 0.25-a0-1133-g93ebf73
 56418 | Orc:1    | Entered Level 1 of the Orcish Mines
 56434 | Orc:1    | Noticed Josephine
 56447 | Orc:1    | Killed Josephine
 56584 | Orc:1    | Found Cofra's Jewellery Shoppe.
 56605 | Orc:1    | Bought a +6 ring of strength for 1053 gold pieces
 57123 | Orc:1    | Found a roughly hewn altar of Beogh.
 57190 | Orc:2    | Entered Level 2 of the Orcish Mines
 57210 | Orc:2    | Found a staircase to the Elven Halls.
 57323 | Orc:2    | Found a shimmering blue altar of Sif Muna.
 57346 | Orc:2    | Found a shimmering altar of Xom.
 57950 | Orc:2    | Received a gift from Trog
 58246 | Orc:2    | HP: 24/142 [orc knight/+0 halberd (18)]
 58751 | Orc:2    | Found Tosiel's Weapon Shop.
 58754 | Orc:2    | Found Qusag Tofe's Assorted Antiques.
 58755 | Orc:2    | Found Diuddoa's Gadget Shop.
 58756 | Orc:2    | Found Niykk's General Store.
 58759 | Orc:2    | Bought a wand of enslavement (8) for 140 gold pieces
 58765 | Orc:2    | Bought a scroll of teleportation for 81 gold pieces
 58765 | Orc:2    | Bought 2 scrolls of teleportation for 162 gold pieces
 58765 | Orc:2    | Bought a scroll of blinking for 202 gold pieces
 58765 | Orc:2    | Bought a potion of heal wounds for 135 gold pieces
 58835 | Orc:2    | Found Naloi's Book Shop.
 58934 | Orc:2    | Identified Sif Muna's Handbook of the Sneaky Dances
 59159 | Depths:1 | Entered Level 1 of the Depths
 59220 | D:15     | Reached skill level 1 in Evocations
 59466 | Depths:1 | Reached skill level 2 in Evocations
 59484 | Depths:1 | Reached skill level 16 in Stealth
 59512 | Depths:1 | Reached skill level 3 in Evocations
 59621 | D:15     | Reached XP level 22. HP: 144/148 MP: 24/24
 59929 | Depths:1 | Found a gateway to a ziggurat.
 59995 | Depths:1 | Received a gift from Trog
 60001 | Depths:1 | Got a steaming morningstar {god gift}
 60001 | Depths:1 | Identified the +4 morningstar of Ymy Goce {flame, rC- Str+4
                  | Int+10 Stlth-} (Trog gifted it to you on level 1 of the
                  | Depths)
 60028 | Depths:1 | HP: 36/148 [ice dragon/blast of cold (20)]
 60444 | D:15     | Reached skill level 4 in Evocations
 61271 | Depths:1 | Found a one-way gate to the infinite horrors of the Abyss.
 61284 | Depths:1 | Found a transporter.
 61358 | Depths:1 | Reached skill level 5 in Evocations
 61370 | Depths:1 | Reached skill level 19 in Armour
 61467 | Depths:1 | Reached skill level 19 in Fighting
 61580 | Depths:1 | Identified the ring "Feis" {*Corrode rElec rF+ rC+ rN+}
 61664 | Depths:1 | Noticed Tebeib's ghost (veteran GrFi)
 61669 | Depths:1 | Found a transporter.
 61708 | Depths:1 | Found a gateway to Hell.
 61961 | Depths:1 | Reached skill level 6 in Evocations
 62608 | Depths:2 | Received a gift from Trog
 63054 | Depths:2 | Reached skill level 7 in Evocations
 63600 | Depths:2 | Reached skill level 17 in Stealth
 63615 | Depths:2 | Received a gift from Trog
 63989 | Depths:2 | Reached skill level 8 in Evocations
 64368 | Depths:2 | Reached XP level 23. HP: 69/155 MP: 29/29
 64726 | Depths:2 | Found a runed translucent gate.
 64726 | Depths:2 | Found a runed translucent gate.
 64726 | Depths:2 | Found a runed translucent gate.
 64924 | Depths:2 | Found a runed translucent gate.
 64924 | Depths:2 | Found a runed translucent gate.
 64924 | Depths:2 | Found a runed translucent gate.
 65199 | Depths:3 | Found a one-way gate leading to the halls of Pandemonium.
 65387 | Depths:3 | Found a portal to a secret trove of treasure.
 65423 | Depths:3 | Reached skill level 9 in Evocations
 65831 | Depths:3 | Received a gift from Trog
 65835 | Depths:3 | HP: 37/156 [deep troll (20)]
 66874 | Depths:3 | Identified the ring "Baycos" {rPois rC- rCorr Dex+3 Stlth+}
                  | (You found it on level 3 of the Depths)
 67656 | Depths:3 | Reached skill level 10 in Evocations
 67683 | Depths:3 | HP: 20/156 [white very ugly thing (36)]
 68476 | Depths:4 | Reached skill level 20 in Armour
 68490 | Depths:4 | Reached skill level 20 in Fighting
 68586 | Depths:4 | Reached skill level 18 in Stealth
 68586 | Depths:4 | Paralysed by an ogre mage for 5 turns
 69056 | Depths:4 | Found a runed translucent door.
 69092 | Depths:4 | Found a runed translucent door.
 69094 | Depths:4 | Noticed an ancient lich
 69094 | Depths:4 | Noticed AtlasWard's ghost (veteran HaHu)
 69260 | Depths:4 | Found a runed translucent door.
 69266 | Depths:4 | Found a runed translucent door.
 69639 | Depths:5 | Entered Level 5 of the Depths
 69735 | Depths:5 | Noticed Frederick
 69897 | Depths:4 | Reached XP level 24. HP: 110/163 MP: 30/30
 70151 | Depths:5 | Received a gift from Trog
 70331 | Depths:5 | Killed Frederick
 71172 | Depths:5 | Found a gate to the Realm of Zot.
 71209 | Depths:5 | Got a brightly glowing leather armour
 72040 | Orc:2    | Bought a box of beasts for 280 gold pieces
 72041 | Orc:2    | Bought a box of beasts for 540 gold pieces
 72960 | Vaults:5 | Entered Level 5 of the Vaults
 72995 | Vaults:5 | Reached skill level 4 in Dodging
 73033 | Vaults:5 | Reached skill level 5 in Dodging
 73090 | Vaults:5 | Reached skill level 6 in Dodging
 73114 | Vaults:5 | Received a gift from Trog
 73134 | Vaults:5 | HP: 41/164 [vault guard/+2 great sword (14)]
 73407 | Vaults:5 | Reached skill level 7 in Dodging
 73481 | Vaults:5 | Reached skill level 8 in Dodging
 73571 | Vaults:5 | Noticed an ancient lich
 73576 | Vaults:5 | Reached skill level 9 in Dodging
 73610 | Vaults:5 | Killed an ancient lich
 73628 | Vaults:5 | Paralysed by a floating eye for 2 turns
 73645 | Vaults:5 | Reached XP level 25. HP: 71/169 MP: 30/30
 73661 | Vaults:5 | Reached skill level 10 in Dodging
 73668 | Vaults:5 | HP: 42/169 [golden dragon/bolt of cold (43)]
 73679 | Vaults:5 | HP: 32/169 [stone giant (20)]
 73693 | Vaults:5 | HP: 39/169 [golden dragon (3)]
 73801 | Vaults:5 | Reached skill level 11 in Dodging
 73968 | Vaults:5 | Reached skill level 12 in Dodging
 73990 | Vaults:5 | Received a gift from Trog
 74050 | Vaults:5 | HP: 30/169 [titan (26)]
 74055 | Vaults:5 | HP: 26/169 [titan/bolt of lightning (11)]
 74382 | Vaults:5 | Found Ixinea Cesom's Jewellery Boutique.
 74584 | Vaults:5 | Found the +3 warlock's mirror {reflect}
 74944 | Vaults:5 | Got a silver rune of Zot
 75516 | Vaults:5 | Reached skill level 13 in Dodging
 75523 | Vaults:5 | Got an ichor-stained flail
 75523 | Vaults:5 | Identified the cursed +3 flail of Megalomania {speed, rC++}
                  | (You found it on level 5 of the Vaults)
 75946 | Zot:1    | Entered Level 1 of the Realm of Zot
 76521 | Zot:1    | HP: 33/169 [purple draconian/bolt of dispelling energy
                  | (29)]
 76529 | Zot:1    | HP: 43/253 [golden dragon (3)]
 76538 | Zot:1    | HP: 38/253 [purple draconian annihilator/bolt of lightning
                  | (8)]
 76546 | Zot:1    | HP: 27/169 [black draconian/bolt of lightning (8)]
 76720 | Zot:1    | Reached skill level 14 in Dodging
 76820 | Zot:1    | Received a gift from Trog
 77058 | Zot:1    | Reached XP level 26. HP: 172/176 MP: 30/30
 77509 | Zot:2    | Noticed a Killer Klown
 77638 | Zot:2    | Killed a Killer Klown
 77649 | Zot:2    | Reached skill level 15 in Dodging
 78511 | Zot:2    | Identified the +0 cloak of the Ward {Dex+3}
 79331 | Zot:3    | Reached skill level 15 in Maces & Flails
 79747 | Zot:3    | Noticed Umuo's ghost (legendary FoFi)
 79750 | Zot:3    | Found a transporter.
 79753 | Zot:3    | Found a transporter.
 80870 | Zot:4    | Received a gift from Trog
 80870 | Zot:4    | Reached skill level 16 in Maces & Flails
 82017 | Zot:5    | Entered Level 5 of the Realm of Zot
 82497 | Zot:4    | HP: 35/176 [red draconian knight/+2 antimagic battleaxe
                  | (15)]
 82743 | Zot:4    | Reached skill level 21 in Fighting
 82743 | Zot:4    | Reached skill level 21 in Armour
 82839 | Zot:4    | Gained mutation: Scrolls take you a little longer to read.
                  | [mutagenic glow]
 82868 | Zot:4    | Gained mutation: Your mind is acute. (Int +2) [mutagenic
                  | glow]
 82910 | Zot:4    | Gained mutation: Your body sometimes deteriorates upon
                  | taking damage. [mutagenic glow]
 83378 | Zot:5    | Reached XP level 27. HP: 182/182 MP: 30/30
 84142 | Zot:5    | Noticed an ancient lich
 84146 | Zot:5    | Noticed an orb of fire
 84266 | Zot:5    | Gained mutation: Armour fits poorly on your strangely
                  | shaped body. [an orb of fire]
 84271 | Zot:5    | Gained mutation: Your body often deteriorates upon taking
                  | damage. [an orb of fire]
 84276 | Zot:5    | Killed an orb of fire
 84282 | Zot:5    | Killed an ancient lich
 84355 | Zot:5    | Noticed an ancient lich
 84385 | Zot:5    | Noticed an ancient lich
 84394 | Zot:4    | Killed an ancient lich
 84394 | Zot:4    | Reached skill level 17 in Maces & Flails
 84501 | Zot:5    | Noticed an orb of fire
 84507 | Zot:5    | Noticed an orb of fire
 84518 | Zot:5    | Gained mutation: You are clumsy. (Dex -2) [an orb of fire]
 84518 | Zot:5    | Gained mutation: You have a pair of small antennae on your
                  | head. [an orb of fire]
 84520 | Zot:5    | Gained mutation: Your magical capacity is low. (-10% MP)
                  | [an orb of fire]
 84527 | Zot:5    | HP: 22/183 [orb of fire/fireball (43)]
 84529 | Zot:5    | HP: 3/183 [orb of fire/fireball (19)]
 84530 | Zot:5    | aperiodic: hi
 84530 | Zot:5    | aperiodic: looks bad
 84530 | Zot:5    | travv0: yeah i don't have my hopes up here lol
 84530 | Zot:5    | travv0: blinking doesn't take extra time in zot does it?
                  | the only thing i can think of is to blink and hope it puts
                  | me by the stairs
 84530 | Zot:5    | aperiodic: no extra time
 84530 | Zot:5    | aperiodic: even if you get the perfect blink, you're
                  | probably going to die
 84530 | Zot:5    | aperiodic: oof
 84530 | Zot:5    | aperiodic: blurry vision
 84530 | Zot:5    | aperiodic: ok, don't read that
 84530 | Zot:5    | aperiodic: quaff haste and die
 84530 | Zot:5    | aperiodic: that's my advice
 84530 | Zot:5    | aperiodic: you can live 2/3 of a turn by stepping right
 84530 | Zot:5    | aperiodic: but they're faster than you, and will just move
                  | forward and attack
 84530 | Zot:5    | aperiodic: if you were already hasted, you could make it 2
                  | steps toward the stairs
 84530 | Zot:5    | travv0: yeah i have a much better idea of how dangerous
                  | these guys are now
 84530 | Zot:5    | aperiodic: well, my advice is quaff haste; you will almost
                  | certainly immediately die, if you don't we can consider how
                  | to die next
 84530 | Zot:5    | travv0: lol i'll give it a shot
 84530 | Zot:5    | Killed from afar by an orb of fire

Illustrated notes

Levels and vault maps discovered:
D:1:      ncdulo_halloftheorcs, layout_basic
D:2:      minmay_skewed_foursquare, layout_basic, lightli_temple_of_fire,
          overflow_temple_1_default, bh_walls_and_bars, uniq_terence,
          uniq_natasha
D:3:      layout_basic, nicolae_overflow_hidden_temple, tso_altar,
          lemuel_zombie_altar_yredelemnul, cheibriados_altar_1,
          grunt_dithmenos_smoke_and_mirrors, elyvilon_altar_5, uniq_grinder,
          uniq_jessica, uniq_ijyb
D:4:      layout_basic, first_ration, serial_shops, kennysheep_mini_moat,
          kennysheep_little_box, due_unseen_surprise, uniq_sigmund, uniq_pikel
D:5:      layout_basic, lemuel_crystal_altar, grunt_qazlal_sundering,
          overflow_temple_1_default
D:6:      layout_basic
D:7:      minmay_the_grid_square_5x5_3x3
          [minmay_the_grid_square_5x5_broken_cross,
          minmay_the_grid_square_5x5_percent, minmay_the_grid_square_5x5_lines,
          minmay_the_grid_square_5x5_gyroscope,
          minmay_the_grid_square_5x5_megaprize_checkered,
          minmay_the_grid_square_5x5_two_walls_b,
          minmay_the_grid_square_5x5_slash, minmay_the_grid_square_5x5_shrine1,
          minmay_the_grid_square_5x5_inset], layout_rooms,
          minmay_temple_entry_junction_2
D:8:      layout_basic, grunt_temple_overflow_open, overflow_temple_1_default,
          erik_lair_island
D:9:      layout_cave_pods
D:10:     layout_loops_cross, serial_shops, shop, uniq_harold
D:11:     cheibrodos_histonic, layout_cave_pools, uniq_grum
D:12:     layout_basic, serial_shops, shop, basic_altar
D:13:     layout_long_grid, hangedman_ranch [blue_anna_fruit_fields]
D:14:     gargoyle_guard, layout_long_grid, grunt_vaults_entry_fortified,
          chequers_arboretum, ebering_ghost_reflecting_pool, uniq_agnes,
          uniq_kirke
D:15:     grunt_enter_depths_hoard, layout_stronghold,
          gammafunk_ghost_wrathful_warriors, nicolae_elemental_shop,
          minmay_splitting_lines
Lair:1:   layout_regular_city, ebering_ghost_inner_flame, st_stairs_8,
          cheibrodos_lair_reptile_den
Lair:2:   layout_hall_layers, special_room [special_room_bee],
          grunt_megastairs_5
Lair:3:   layout_regular_city, minmay_shoals_entry_lonely_mermaid,
          guppyfry_snake_entry_garden, gammafunk_ghost_hive,
          chequers_serial_rivers_small_a
Lair:4:   layout_cellular_growth, serial_bayou_shore_a, uniq_rupert
Lair:5:   layout_long_grid, nicolae_volcano_entry_vermiform, uniq_nessos
Lair:6:   due_jungle_book, layout_concentric_octagons, slime_altar_1,
          chequers_serial_rivers_room_a, infiniplex_staircase_pool
Shoals:1: layout_shoals, minmay_shop_mayhem, uniq_nikola
Shoals:2: layout_shoals, nicolae_shoals_dead_sea_scrolls, uniq_ilsuiw
Shoals:3: layout_shoals, lightli_airlock
Shoals:4: shoals_end_grunt_ice, layout_shoals, shoal_ilsuiw, serial_shops, shop
Snake:1:  layout_rooms, drop_trap
Snake:2:  layout_cave_shapes, uniq_saint_roka
Snake:3:  layout_gridlike, gammafunk_ghost_berserking_beasts, uniq_bai_suzhen,
          uniq_azrael
Snake:4:  snake_pit_salamanders_mu, layout_cave_town, serial_shops,
          nicolae_shop_trees, gammafunk_ghost_grave,
          nrook_guardian_serpent_double, uniq_aizul
Orc:1:    layout_caves, serial_shops, nicolae_shop_waterfront,
          david_defended_altar_orc, uniq_josephine
Orc:2:    st_orc_pillars, layout_caves, serial_shops, shop_statue, basic_altar,
          led_sif_book
Vaults:1: ontoclasm_vaults_bender, vaults_mumra_minichess,
          nicolae_vaults_little_squares_5, ontoclasm_vaults_ring_large,
          ontoclasm_vaults_tryst, st_cross, vaults_dpeg_ring,
          grunt_vaults_funnel, vaults_mumra_hex,
          nicolae_vaults_yaktaur_gun_rack, vaults_dpeg_hooks,
          nicolae_vaults_alarming, layout_vaults_omnicross
Vaults:2: nicolae_vaults_an_arrangement, vaults_room_corners,
          nicolae_vaults_mini_display_case, v_misc_4, nicolae_vaults_gold_heap,
          nicolae_vaults_shelves_hall, vaults_mumra_chevron,
          ontoclasm_vaults_ring_large, v_alt_pattern_3, v_misc_17,
          ontoclasm_vaults_shuriken, v_misc_29, dpeg_vaults_monster_row,
          ontoclasm_vaults_loading_screen, hangedman_vaults_impose,
          layout_vaults_big_room
Vaults:3: v_misc_22, minmay_crypt_entry_simple_sparse, vaults_mumra_bighexcomb,
          v_pattern_1, hangedman_vaults_impose, nicolae_vaults_little_squares_1,
          nicolae_vaults_little_squares_4, v_alt_pattern_6,
          hangedman_vaults_snaps, vaults_room_semicircle, v_rooms_4,
          layout_vaults_ring
Vaults:4: v_misc_10, grunt_vaults_funneled_arena, v_misc_11,
          vaults_room_octagon, ontoclasm_vaults_chip,
          nicolae_vaults_disjoint_gnomons, hangedman_vaults_corner_blocks,
          ontoclasm_vaults_twist, ontoclasm_vaults_hangar,
          ontoclasm_vaults_pinch, vaults_room_hallway, vaults_mumra_hexcomb,
          vaults_room_door_ring, vaults_room_semicircle,
          ontoclasm_vaults_gateway, nicolae_vaults_shelves_hall, serial_ice_g,
          layout_vaults_maze, uniq_xtahua
Vaults:5
Depths:1: cheibrodos_cascadia, layout_cave_shapes, enter_ziggurat_e,
          gammafunk_ghost_mausoleum, hell_entry, abyss_entry_small_statue_room,
          minmay_misc_feat_encased, moated_statue, hangedman_decor_lopped,
          kennysheep_kite_vault, serial_bayou_shore_b
Depths:2: kennysheep_treasure_stockpile, layout_cave_pools,
          grunt_mini_vestibule, abyss_entry, minmay_misc_feat_roman,
          serial_sigils_hangedman_shear, kennysheep_small_circle,
          infiniplex_staircase_spiral
Depths:3: minmay_shrinking_squares, layout_cave_shapes, hell_entry, abyss_entry,
          nicolae_trove_entry_free_sample, pan_entry,
          hangedman_abyss_or_decor_passed, serial_sigils_hangedman_writhe,
          infiniplex_staircase_diamond
Depths:4: thingy_vault_2, layout_cave_shapes, rand_demon_pan_entry_8,
          minmay_strange_pillars, muffindrake_ghost_dual_entry, abyss_entry,
          grunt_hell_entry_dis_mu, drop_trap, kennysheep_generic_room_12
Depths:5: evilmike_zot_entry_round, layout_gridlike, pf_hell_entry_tar_spiral,
          drop_trap, kilobyte_rumbling_trees, grunt_megastairs_3, uniq_frederick
Zot:1:    layout_concentric_octagons
Zot:2:    layout_cathedral_of_symmetry, st_stairs_12
Zot:3:    layout_cathedral_of_symmetry, gammafunk_ghost_arena
Zot:4:    layout_basic
Zot:5:    layout_cellular_growth, grunt_ministairs_3

Skill      XL: |  1  2  3  4  5  6  7  8  9 10 11 12 13 14 15 16 17 18 19 20 21 22 23 24 25 26 27 |
---------------+----------------------------------------------------------------------------------+-----
Dodging        | 2 3 9 14 15 | 15.9
Armour         | 3 4 5 8 9 10 12 14 15 17 18 19 20 21 | 21.5
Fighting       | 4 5 8 10 12 14 15 17 18 19 20 21 | 21.5
Maces & Flails | 4 8 9 12 14 16 17 | 17.0
Shields        | 6 11 | 11.4
Stealth        | 5 8 10 11 12 13 15 16 17 18 | 18.8
Bows           | 5 11 14 17 19 20 | 20.0
Evocations     | 3 8 10 | 10.1

Action                   |  1- 3 |  4- 6 |  7- 9 | 10-12 | 13-15 | 16-18 | 19-21 | 22-24 | 25-27 || total
-------------------------+-------+-------+-------+-------+-------+-------+-------+-------+-------++-------
Melee: Mace              |   101 |   146 |   360 |       |       |       |       |       |       ||   607
       Whip              |       |       |   234 |  1739 |       |       |       |       |       ||  1973
       Dire flail        |       |       |       |   105 |  1134 |   463 |   909 |     9 |       ||  2620
       Flail             |       |       |       |       |       |   135 |    73 |       |       ||   208
       Longbow           |       |       |       |       |       |     1 |     2 |       |       ||     3
       Demon whip        |       |       |       |       |       |       |       |   993 |   321 ||  1314
       Eveningstar       |       |       |       |       |       |       |       |       |   299 ||   299
 Fire: Shortbow          |       |       |       |    82 |   163 |       |       |       |       ||   245
       Longbow           |       |       |       |       |   424 |  1074 |  1159 |   863 |   705 ||  4225
Invok: Berserk           |     1 |     5 |     4 |    10 |     4 |     5 |     4 |     5 |     2 ||    40
       Trog's Hand       |       |     1 |     3 |     4 |     7 |     5 |    17 |    17 |    14 ||    68
       Brothers in Arms  |       |       |       |     1 |     5 |     4 |     8 |     5 |     1 ||    24
 Abil: Fly               |       |       |       |       |       |       |     1 |       |       ||     1
       Stop Flying       |       |       |       |       |       |       |     1 |       |       ||     1
Evoke: Wand              |       |       |       |       |       |       |       |       |     8 ||     8
       Box of beasts     |       |       |       |       |       |       |       |       |     2 ||     2
  Use: Scroll            |       |       |    10 |    17 |     5 |    14 |    18 |    15 |    11 ||    90
       Potion            |       |       |       |     2 |     1 |     1 |     5 |    11 |    10 ||    30
 Stab: Sleeping          |       |     1 |       |       |       |       |       |       |     2 ||     3
       Distracted        |       |       |       |       |       |       |       |     1 |       ||     1
  Eat: Chunk             |     3 |     7 |    25 |    22 |    32 |     7 |    15 |    15 |    11 ||   137
       Ration            |       |     1 |       |     7 |     5 |    12 |    14 |    13 |     8 ||    60
Armor: Animal skin       |    48 |    39 |       |       |       |       |       |       |       ||    87
       Scale mail        |       |     4 |    65 |       |       |       |       |       |       ||    69
       Plate armour      |       |       |   213 |   914 |   938 |   995 |   848 |   888 |   593 ||  5389
Dodge: Dodged            |   104 |    92 |   201 |   472 |   473 |   416 |   397 |   418 |   416 ||  2989
Block: Other             |       |       |    64 |   286 |   263 |   228 |   203 |    91 |       ||  1135
       Reflection        |       |       |       |     4 |    14 |    18 |    22 |     4 |       ||    62
       Tower shield      |       |       |       |       |       |    46 |       |       |       ||    46

Table legend:
 A = Non-vault XP
 B = Vault XP
 C = Vault XP percentage of total XP
 D = Non-vault monster count
 E = Vault monster count
 F = Vault count percentage of total count
                 A         B        C        D         E       F
            +---------+---------+-------+---------+---------+-------
      Total |  770789 |  563392 |  42.2 |    1428 |     717 |  33.4
            +---------+---------+-------+---------+---------+-------
        D:1 |      44 |       0 |   0.0 |      23 |       0 |   0.0
        D:2 |     198 |     107 |  35.1 |      29 |      10 |  25.6
        D:3 |     151 |     353 |  70.0 |      31 |       5 |  13.9
        D:4 |     138 |     841 |  85.9 |      16 |       2 |  11.1
        D:5 |     518 |       0 |   0.0 |      15 |       0 |   0.0
        D:6 |     739 |       0 |   0.0 |      14 |       0 |   0.0
        D:7 |     582 |    1046 |  64.3 |      11 |      12 |  52.2
        D:8 |    1206 |     818 |  40.4 |      21 |       8 |  27.6
        D:9 |    2286 |       0 |   0.0 |      25 |       0 |   0.0
       D:10 |    3544 |     987 |  21.8 |      31 |       1 |   3.1
       D:11 |    1363 |    4069 |  74.9 |      28 |      26 |  48.1
       D:12 |    5801 |       0 |   0.0 |      40 |       0 |   0.0
       D:13 |    7309 |    2216 |  23.3 |      48 |       8 |  14.3
       D:14 |   14156 |   18690 |  56.9 |      43 |      27 |  38.6
       D:15 |   26529 |    8423 |  24.1 |      42 |      11 |  20.8
     Lair:1 |    3947 |    2364 |  37.5 |      16 |       6 |  27.3
     Lair:2 |    2604 |    1995 |  43.4 |       9 |      27 |  75.0
     Lair:3 |    4810 |     758 |  13.6 |      17 |       3 |  15.0
     Lair:4 |    9969 |    1967 |  16.5 |      36 |       1 |   2.7
     Lair:5 |   10411 |    1791 |  14.7 |      38 |       2 |   5.0
     Lair:6 |   13054 |    2904 |  18.2 |      33 |       5 |  13.2
   Shoals:1 |    7459 |    4123 |  35.6 |      20 |       2 |   9.1
   Shoals:2 |    6008 |    4682 |  43.8 |      14 |       4 |  22.2
   Shoals:3 |   12255 |    5227 |  29.9 |      26 |      11 |  29.7
   Shoals:4 |    8148 |   14131 |  63.4 |      16 |      18 |  52.9
    Snake:1 |    6407 |    5206 |  44.8 |      14 |       4 |  22.2
    Snake:2 |   12546 |     800 |   6.0 |      30 |      10 |  25.0
    Snake:3 |   18618 |    7394 |  28.4 |      38 |       7 |  15.6
    Snake:4 |   13511 |   51282 |  79.1 |      23 |      73 |  76.0
      Orc:1 |    3166 |    1826 |  36.6 |      42 |       7 |  14.3
      Orc:2 |    1799 |   11321 |  86.3 |      28 |      69 |  71.1
   Vaults:1 |   35608 |   15877 |  30.8 |      55 |      26 |  32.1
   Vaults:2 |   18993 |   14582 |  43.4 |      32 |      21 |  39.6
   Vaults:3 |   36232 |   29896 |  45.2 |      54 |      49 |  47.6
   Vaults:4 |   40751 |   32020 |  44.0 |      71 |      39 |  35.5
   Vaults:5 |   33520 |  141824 |  80.9 |      57 |      97 |  63.0
   Depths:1 |   35369 |   34022 |  49.0 |      41 |      33 |  44.6
   Depths:2 |   47125 |   19869 |  29.7 |      58 |      22 |  27.5
   Depths:3 |   49215 |   13116 |  21.0 |      52 |       8 |  13.3
   Depths:4 |   35245 |   11981 |  25.4 |      39 |      12 |  23.5
   Depths:5 |   23560 |   31139 |  56.9 |      25 |      23 |  47.9
      Zot:1 |   53625 |       0 |   0.0 |      31 |       0 |   0.0
      Zot:2 |   40365 |    4174 |   9.4 |      24 |       2 |   7.7
      Zot:3 |   32817 |       0 |   0.0 |      19 |       0 |   0.0
      Zot:4 |   45068 |   13302 |  22.8 |      26 |       3 |  10.3
      Zot:5 |   44020 |   42526 |  49.1 |      27 |      13 |  32.5
    Volcano |       0 |    3743 | 100.0 |       0 |      10 | 100.0
            +---------+---------+-------+---------+---------+-------

Levels and vault maps discovered:
D:1:      ncdulo_halloftheorcs, layout_basic
D:2:      minmay_skewed_foursquare, layout_basic, lightli_temple_of_fire,
          overflow_temple_1_default, bh_walls_and_bars, uniq_terence,
          uniq_natasha
D:3:      layout_basic, nicolae_overflow_hidden_temple, tso_altar,
          lemuel_zombie_altar_yredelemnul, cheibriados_altar_1,
          grunt_dithmenos_smoke_and_mirrors, elyvilon_altar_5, uniq_grinder,
          uniq_jessica, uniq_ijyb
D:4:      layout_basic, first_ration, serial_shops, kennysheep_mini_moat,
          kennysheep_little_box, due_unseen_surprise, uniq_sigmund, uniq_pikel
D:5:      layout_basic, lemuel_crystal_altar, grunt_qazlal_sundering,
          overflow_temple_1_default
D:6:      layout_basic
D:7:      minmay_the_grid_square_5x5_3x3
          [minmay_the_grid_square_5x5_broken_cross,
          minmay_the_grid_square_5x5_percent, minmay_the_grid_square_5x5_lines,
          minmay_the_grid_square_5x5_gyroscope,
          minmay_the_grid_square_5x5_megaprize_checkered,
          minmay_the_grid_square_5x5_two_walls_b,
          minmay_the_grid_square_5x5_slash, minmay_the_grid_square_5x5_shrine1,
          minmay_the_grid_square_5x5_inset], layout_rooms,
          minmay_temple_entry_junction_2
D:8:      layout_basic, grunt_temple_overflow_open, overflow_temple_1_default,
          erik_lair_island
D:9:      layout_cave_pods
D:10:     layout_loops_cross, serial_shops, shop, uniq_harold
D:11:     cheibrodos_histonic, layout_cave_pools, uniq_grum
D:12:     layout_basic, serial_shops, shop, basic_altar
D:13:     layout_long_grid, hangedman_ranch [blue_anna_fruit_fields]
D:14:     gargoyle_guard, layout_long_grid, grunt_vaults_entry_fortified,
          chequers_arboretum, ebering_ghost_reflecting_pool, uniq_agnes,
          uniq_kirke
D:15:     grunt_enter_depths_hoard, layout_stronghold,
          gammafunk_ghost_wrathful_warriors, nicolae_elemental_shop,
          minmay_splitting_lines
Lair:1:   layout_regular_city, ebering_ghost_inner_flame, st_stairs_8,
          cheibrodos_lair_reptile_den
Lair:2:   layout_hall_layers, special_room [special_room_bee],
          grunt_megastairs_5
Lair:3:   layout_regular_city, minmay_shoals_entry_lonely_mermaid,
          guppyfry_snake_entry_garden, gammafunk_ghost_hive,
          chequers_serial_rivers_small_a
Lair:4:   layout_cellular_growth, serial_bayou_shore_a, uniq_rupert
Lair:5:   layout_long_grid, nicolae_volcano_entry_vermiform, uniq_nessos
Lair:6:   due_jungle_book, layout_concentric_octagons, slime_altar_1,
          chequers_serial_rivers_room_a, infiniplex_staircase_pool
Shoals:1: layout_shoals, minmay_shop_mayhem, uniq_nikola
Shoals:2: layout_shoals, nicolae_shoals_dead_sea_scrolls, uniq_ilsuiw
Shoals:3: layout_shoals, lightli_airlock
Shoals:4: shoals_end_grunt_ice, layout_shoals, shoal_ilsuiw, serial_shops, shop
Snake:1:  layout_rooms, drop_trap
Snake:2:  layout_cave_shapes, uniq_saint_roka
Snake:3:  layout_gridlike, gammafunk_ghost_berserking_beasts, uniq_bai_suzhen,
          uniq_azrael
Snake:4:  snake_pit_salamanders_mu, layout_cave_town, serial_shops,
          nicolae_shop_trees, gammafunk_ghost_grave,
          nrook_guardian_serpent_double, uniq_aizul
Orc:1:    layout_caves, serial_shops, nicolae_shop_waterfront,
          david_defended_altar_orc, uniq_josephine
Orc:2:    st_orc_pillars, layout_caves, serial_shops, shop_statue, basic_altar,
          led_sif_book
Vaults:1: ontoclasm_vaults_bender, vaults_mumra_minichess,
          nicolae_vaults_little_squares_5, ontoclasm_vaults_ring_large,
          ontoclasm_vaults_tryst, st_cross, vaults_dpeg_ring,
          grunt_vaults_funnel, vaults_mumra_hex,
          nicolae_vaults_yaktaur_gun_rack, vaults_dpeg_hooks,
          nicolae_vaults_alarming, layout_vaults_omnicross
Vaults:2: nicolae_vaults_an_arrangement, vaults_room_corners,
          nicolae_vaults_mini_display_case, v_misc_4, nicolae_vaults_gold_heap,
          nicolae_vaults_shelves_hall, vaults_mumra_chevron,
          ontoclasm_vaults_ring_large, v_alt_pattern_3, v_misc_17,
          ontoclasm_vaults_shuriken, v_misc_29, dpeg_vaults_monster_row,
          ontoclasm_vaults_loading_screen, hangedman_vaults_impose,
          layout_vaults_big_room
Vaults:3: v_misc_22, minmay_crypt_entry_simple_sparse, vaults_mumra_bighexcomb,
          v_pattern_1, hangedman_vaults_impose, nicolae_vaults_little_squares_1,
          nicolae_vaults_little_squares_4, v_alt_pattern_6,
          hangedman_vaults_snaps, vaults_room_semicircle, v_rooms_4,
          layout_vaults_ring
Vaults:4: v_misc_10, grunt_vaults_funneled_arena, v_misc_11,
          vaults_room_octagon, ontoclasm_vaults_chip,
          nicolae_vaults_disjoint_gnomons, hangedman_vaults_corner_blocks,
          ontoclasm_vaults_twist, ontoclasm_vaults_hangar,
          ontoclasm_vaults_pinch, vaults_room_hallway, vaults_mumra_hexcomb,
          vaults_room_door_ring, vaults_room_semicircle,
          ontoclasm_vaults_gateway, nicolae_vaults_shelves_hall, serial_ice_g,
          layout_vaults_maze, uniq_xtahua
Vaults:5
Depths:1: cheibrodos_cascadia, layout_cave_shapes, enter_ziggurat_e,
          gammafunk_ghost_mausoleum, hell_entry, abyss_entry_small_statue_room,
          minmay_misc_feat_encased, moated_statue, hangedman_decor_lopped,
          kennysheep_kite_vault, serial_bayou_shore_b
Depths:2: kennysheep_treasure_stockpile, layout_cave_pools,
          grunt_mini_vestibule, abyss_entry, minmay_misc_feat_roman,
          serial_sigils_hangedman_shear, kennysheep_small_circle,
          infiniplex_staircase_spiral
Depths:3: minmay_shrinking_squares, layout_cave_shapes, hell_entry, abyss_entry,
          nicolae_trove_entry_free_sample, pan_entry,
          hangedman_abyss_or_decor_passed, serial_sigils_hangedman_writhe,
          infiniplex_staircase_diamond
Depths:4: thingy_vault_2, layout_cave_shapes, rand_demon_pan_entry_8,
          minmay_strange_pillars, muffindrake_ghost_dual_entry, abyss_entry,
          grunt_hell_entry_dis_mu, drop_trap, kennysheep_generic_room_12
Depths:5: evilmike_zot_entry_round, layout_gridlike, pf_hell_entry_tar_spiral,
          drop_trap, kilobyte_rumbling_trees, grunt_megastairs_3, uniq_frederick
Zot:1:    layout_concentric_octagons
Zot:2:    layout_cathedral_of_symmetry, st_stairs_12
Zot:3:    layout_cathedral_of_symmetry, gammafunk_ghost_arena
Zot:4:    layout_basic
Zot:5:    layout_cellular_growth, grunt_ministairs_3

Table legend:
 A = Turns spent in this place as a percentage of turns spent in the entire game.
 B = Non-inter-level travel turns spent in this place as a percentage of non-inter-level travel turns spent in the entire game.
 C = Inter-level travel turns spent in this place as a percentage of turns spent in this place.
 D = Turns resting spent in this place as a percentage of non-inter-level travel turns spent in this place.
 E = Turns spent auto-exploring this place as a percentage of non-inter-level travel turns spent in this place.
 F = Non-inter-level travel turns spent in this place divided by the number of levels of this place that you've seen.
                   A       B       C       D       E      F
               +-------+-------+-------+-------+-------+----------------------
         Total | 100.0 | 100.0 |   7.8 |  22.4 |  47.7 | 1658.2
       Dungeon |  29.9 |  28.9 |  10.8 |  21.8 |  58.3 | 1502.3
          Lair |  11.9 |  12.1 |   5.9 |  13.0 |  62.5 | 1576.5
        Shoals |   5.4 |   5.7 |   3.7 |  19.9 |  58.6 | 1108.2
     Snake Pit |   8.1 |   8.2 |   6.0 |  13.5 |  65.3 | 1602.5
  Orcish Mines |   3.3 |   3.2 |  11.1 |  27.6 |  48.3 | 1250.0
        Vaults |  16.5 |  16.6 |   7.5 |  24.0 |  40.4 | 2583.2
        Depths |  13.9 |  14.3 |   5.5 |  32.9 |  28.4 | 2225.4
           Zot |   9.9 |   9.9 |   8.2 |  21.2 |  20.1 | 1536.6
       Volcano |   1.0 |   1.1 |   0.0 |  56.4 |  22.7 | 874.0
               +-------+-------+-------+-------+-------+----------------------

Table legend:
 A = Kills in this place as a percentage of kills in entire the game.
 B = Kills by you in this place as a percentage of kills by you in the entire game.
 C = Kills by friends in this place as a percentage of kills by friends in the entire game.
 D = Other kills in this place as a percentage of other kills in the entire game.
 E = Experience gained in this place as a percentage of experience gained in the entire game.
 F = Experience gained in this place divided by the number of levels of this place that you have seen.
                   A       B       C       D       E      F
               +-------+-------+-------+-------+-------+----------------------
         Total | 100.0 | 100.0 | 100.0 | 100.0 | 100.0 | 28386.8
       Dungeon |  24.6 |  24.8 |  14.3 |   0.0 |   7.7 | 6807.6
          Lair |   9.0 |   8.9 |  17.9 |   0.0 |   4.2 | 9429.0
        Shoals |   5.2 |   4.7 |  35.7 |  25.0 |   4.6 | 15508.2
     Snake Pit |   9.3 |   9.4 |   0.0 |   0.0 |   8.7 | 28941.0
  Orcish Mines |   6.8 |   6.9 |   0.0 |   0.0 |   1.4 | 9056.0
        Vaults |  23.4 |  23.2 |  25.0 |  50.0 |  29.9 | 79860.6
        Depths |  14.6 |  14.7 |   7.1 |  12.5 |  22.5 | 60128.2
           Zot |   6.8 |   6.8 |   0.0 |  12.5 |  20.7 | 55179.4
       Volcano |   0.5 |   0.5 |   0.0 |   0.0 |   0.3 | 3743.0
               +-------+-------+-------+-------+-------+----------------------
